 Dungeon Crawl Stone Soup version 0.28.0-53-g5a82cb258f (webtiles) character file.

Game seed: 8222809096143966602

46 tizbic2 the Charlatan (level 3, -1/35 HPs)
             Began as an Ogre Artificer on Aug 5, 2022.
             Slain by a hobgoblin (3 damage)
             ... on level 2 of the Dungeon.
             The game lasted 00:05:00 (1576 turns).

tizbic2 the Charlatan (Ogre Artificer)              Turns: 1576, Time: 00:05:00

Health: -1/35      AC:  3    Str: 16    XL:     3   Next: 66%
Magic:  3/3        EV: 10    Int: 14    God:
Gold:   20         SH:  0    Dex:  9    Spells: 2/2 levels left

rFire   . . .      SeeInvis .   g - staff of cold
rCold   + . .      Faith    .   (no shield)
rNeg    . . .      Spirit   .   b - +0 robe
rPois   .          Reflect  .   (helmet restricted)
rElec   .          Harm     .   (no cloak)
rCorr   .          Rampage  .   (gloves unavailable)
Will    .....                   (boots unavailable)
Stlth   +.........              (no amulet)
HPRegen 0.11/turn               (no ring)
MPRegen 0.08/turn               (no ring)

@: no status effects
A: large, unfitting armour, tough skin 1
a: no special abilities


You were on level 2 of the Dungeon.
You visited 1 branch of the dungeon, and saw 3 of its levels.

You collected 20 gold pieces.

Inventory:

Missiles
 k - 5 poisoned darts
Armour
 b - a +0 robe (worn)
Magical Staves
 g - a staff of cold (weapon)
Wands
 c - a wand of flame (12) (quivered)
 d - a wand of charming (15)
Scrolls
 h - a scroll of noise
Potions
 f - a potion of attraction
 i - a potion of magic {unknown}
 j - a potion of brilliance {unknown}
Miscellaneous
 e - a piece from Xom's chessboard (15/15)


   Skills:
 + Level 2.2 Fighting
 - Level 0.1(0.7) Maces & Flails
 * Level 1.5 Staves
 - Level 2.1 Dodging
 - Level 0.6 Stealth
 * Level 1.4 Ice Magic
 + Level 2.6 Evocations


You had 2 spell levels left.
You didn't know any spells.
Your spell library was empty.

Dungeon Overview and Level Annotations

Branches:
Dungeon (3/15)

Altars:


Innate Abilities, Weirdness & Mutations

You are too large for most types of armour.
You have tough skin. (AC +1)


Message History

The adder barely misses you. Something completely misses you.
You barely miss the adder.
The adder is lightly wounded.
The adder misses you. Something hits you. The adder bites you.
* * * LOW HITPOINT WARNING * * *
You miss the adder.
The adder is lightly wounded.
Something hits you.
* * * LOW HITPOINT WARNING * * *
The adder barely misses you. Something hits you.
* * * LOW HITPOINT WARNING * * *
The adder bites you but does no damage. The adder closely misses you.
There is a stone staircase leading down here.
The adder bites you but does no damage.
You hit the adder.
The adder is moderately wounded.
The adder barely misses you. The adder closely misses you.
You closely miss the adder.
The adder is moderately wounded.
The adder misses you. x2
You hit the adder but do no damage.
The adder is moderately wounded.
Something hits you but does no damage. The adder misses you.
Unknown command.
Found a robe.
Something hits you but does no damage.
You hit something but do no damage. The adder barely misses you.
The adder closely misses you. Something hits you.
* * * LOW HITPOINT WARNING * * *
You hit the adder.
The adder is severely wounded.
The adder closely misses you. Something hits you.
* * * LOW HITPOINT WARNING * * *
You hit the adder. You freeze the adder.
You kill the adder!
Something hits you.
* * * LOW HITPOINT WARNING * * *
You miss something. Something hits you.
You die...

#
#.#>................
#.#.#........)......
..#.#.#...####...##.
#.#####.#.#...# ...#
...............
.....
#.###..........
....##
...............
......
..####†.#.#....#
...### #.@#......
.... ..[............
.#####..#.#....
#..#.#.... #.## #
... #. #. ..


There were no monsters in sight!

Vanquished Creatures
  An adder (D:2)
  A dart slug (D:2)
  4 ball pythons
  3 endoplasms
  A giant cockroach (D:1)
  4 goblins (D:1)
  3 hobgoblins (D:1)
  3 quokkas
  2 bats (D:1)
  3 frilled lizards
  5 kobolds
  2 rats (D:1)
32 creatures vanquished.

Notes
Turn   | Place    | Note
-------+----------+-------------------------------------------
     0 | D:1      | tizbic2 the Ogre Artificer began the quest for the Orb.
     0 | D:1      | Reached XP level 1. HP: 19/19 MP: 1/1
   373 | D:1      | Reached XP level 2. HP: 26/28 MP: 2/2
   735 | D:1      | Reached skill level 1 in Ice Magic
   882 | D:1      | Reached skill level 1 in Staves
   939 | D:1      | Reached XP level 3. HP: 35/35 MP: 3/3
  1261 | D:2      | You fall into a shaft and drop 1 floor!
  1266 | D:3      | Noticed a scorpion
  1576 | D:2      | Slain by a hobgoblin

Illustrated notes

Levels and vault maps discovered:
D:1:      ebering_trefoil_3fold, layout_basic
D:2:      layout_basic
D:3:      layout_loops_corners, ebering_ecumenical_altar_webs, dk_vineyard_1

Skill      XL: |  1  2 |
---------------+-------+-----
Ice Magic      | 1 |  1.4
Staves         | 1 |  1.5
Fighting       | 2 |  2.2
Maces & Flails | |  0.1
Dodging        | |  2.1
Stealth        | |  0.6
Evocations     | |  2.6

Action                   || total
-------------------------++-------
Melee: Staff             ||   129
       Club              ||     1
       Punch             ||     1
Evoke: Wand              ||     3
  Use: Scroll            ||     4
       Potion            ||     1
Armor: Robe              ||    60
Dodge: Dodged            ||   107
